 Dungeon Crawl Stone Soup version 0.28-a0-697-g47f3eba078 (webtiles) character file.

Game seed: 18078244698215845187

16 KoroneIsBestGirl the Chiller (level 2, -14/19 HPs)
             Began as a Barachi Ice Elementalist on Oct 23, 2021.
             Demolished by an ogre (33 damage)
             ... on level 2 of the Dungeon.
             The game lasted 00:01:00 (1083 turns).

KoroneIsBestGirl the Chiller (BaIE)                 Turns: 1083, Time: 00:01:01

Health: -14/19     AC:  2    Str:  9    XL:     2   Next: 58%
Magic:  2/5        EV: 12    Int: 15    God:
Gold:   79         SH:  0    Dex: 12    Spells: 5/6 levels left

rFire   x . .      SeeInvis +   e - +0 dagger
rCold   + . .      Faith    .   (no shield)
rNeg    . . .      Spirit   .   a - +0 robe
rPois   .          Reflect  .   (no helmet)
rElec   .          Harm     .   (no cloak)
rCorr   .          Rampage  .   (no gloves)
Will    .....                   (no boots)
Stlth   ++........              (no amulet)
HPRegen 0.06/turn               b - ring of see invisible
MPRegen 0.09/turn               g - ring of ice

@: slow
A: amphibious, slowness 1, strong legs 1, +LOS
a: Hop


You were on level 2 of the Dungeon.
You visited 1 branch of the dungeon, and saw 2 of its levels.

You collected 79 gold pieces.

Inventory:

Hand Weapons
 e - a +0 dagger (weapon)
Armour
 a - a +0 robe (worn)
Jewellery
 b - a ring of see invisible (left hand)
 g - a ring of ice (right hand)
Scrolls
 c - a scroll of noise {unknown}
 h - 2 scrolls of identify {unknown}
 j - a scroll of teleportation {unknown}
Potions
 d - a potion of ambrosia {unknown}
 f - 2 potions of lignification {unknown}
 i - a potion of mutation {unknown}


   Skills:
 + Level 2.6 Dodging
 - Level 1.7 Stealth
 + Level 2.6 Spellcasting
 + Level 5.1 Ice Magic


You had 5 spell levels left.
You knew the following spells:

 Your Spells              Type           Power      Damage    Failure   Level
a - Freeze                Ice            100%       1d11      2%          1

Your spell library contained the following spells:

 Spells                   Type           Power      Damage    Failure   Level
 Frozen Ramparts          Ice            52%        1d7       8%          3
 Ozocubu's Armour         Ice            26%        N/A       8%          3
 Gell's Gravitas          Tloc           0%         N/A       54%         3
 Teleport Other           Tloc           1%         N/A       54%         3
 Hailstorm                Conj/Ice       14%        3d5       58%         4
 Dispersal                Tloc           0%         N/A       100%        6


Dungeon Overview and Level Annotations

Branches:
Dungeon (2/15)

Altars:


Innate Abilities, Weirdness & Mutations

You are amphibious.
You cover ground slowly.
You can hop short distances.
You have an extended range of vision and can be seen from far away.


Message History

There is an open door here.
Found a flail.
j - a scroll labelled FETEGG XEAQ No target in view!
You see here a +0 flail.
Found 3 large rocks.
You see here 3 large rocks.
You now have 71 gold pieces (gained 7).
You see here 3 large rocks.
A kobold comes into view. It is wielding a +0 short sword.
A kobold is nearby!
The kobold shouts!
You can't see any susceptible monsters within range! (Use Z to cast anyway.)
You can't see any susceptible monsters within range! (Use Z to cast anyway.)
The kobold misses you.
You see here 8 gold pieces.
You feel a surge of power!
You freeze the kobold.
You kill the kobold!
You can't see any susceptible monsters within range! (Use Z to cast anyway.)
You can't see any susceptible monsters within range! (Use Z to cast anyway.)
You now have 79 gold pieces (gained 8).
Things that are here:
a +0 short sword; a kobold corpse An ogre comes into view.
It is wielding a +0 giant club.
Found a notched granite ring.
An ogre is nearby!
An ogre is nearby!
Found 26 stones.
The ogre shouts!
You feel a surge of power!
You freeze the ogre.
The ogre is lightly wounded.
The ogre closely misses you.
You feel a surge of power!
You freeze the ogre.
The ogre is moderately wounded.
The ogre closely misses you.
You feel a surge of power!
You freeze the ogre!
The ogre is severely wounded.
The ogre hits you with a +0 giant club!!
Ouch! That really hurt!
You die...

##############
#............#
#.#####....#.#
#.# #.##.#.#
#######.#
#.##.#.#
+.......#
#.##.#.#
#..#.#@.#
#.##.#.#
##.(.O..#
#.##.#.#
#.#.#..#
#.##.#.#
#...$..#
#.##.#.#
#..###.#
#.##.# ##. #=#
#.##.# #. #.#
#.# # .# #.#
.# #.#


You could see an ogre.

Vanquished Creatures
  4 endoplasms
  A goblin (D:1)
  A hobgoblin (D:1)
  2 kobolds
  2 quokkas (D:1)
  A ball python (D:1)
  A frilled lizard (D:1)
  3 rats (D:1)
15 creatures vanquished.

Notes
Turn   | Place    | Note
-------+----------+-------------------------------------------
     0 | D:1      | KoroneIsBestGirl the Barachi Ice Elementalist began the
                  | quest for the Orb.
     0 | D:1      | Reached XP level 1. HP: 13/13 MP: 3/3
   233 | D:1      | Reached skill level 5 in Ice Magic
   233 | D:1      | Reached XP level 2. HP: 10/19 MP: 1/5
  1075 | D:2      | Noticed an ogre
  1083 | D:2      | Demolished by an ogre

Illustrated notes

Levels and vault maps discovered:
D:1:      giann_forest_graveyard, layout_loops_ring
D:2:      layout_basic, basic_altar, serial_glass, glass_columns_a,
          glass_columns_a, feat_on_display

Skill      XL: |  1 |
---------------+----+-----
Ice Magic      | 5 |  5.1
Dodging        | |  2.6
Stealth        | |  1.7
Spellcasting   | |  2.6

Action                   || total
-------------------------++-------
Melee: Dagger            ||     7
       Unarmed           ||     2
 Cast: Freeze            ||    19
 Stab: Sleeping          ||     1
Armor: Robe              ||     1
Dodge: Dodged            ||    19

Table legend: (Time is in decaauts)
 A = Elapsed time spent in this place.
 B = Non-inter-level travel time spent in this place.
 C = Inter-level travel time spent in this place.
 D = Time resting spent in this place.
 E = Time spent auto-exploring this place.
 F = Levels seen in this place.
 G = Mean time per level.
                   A        B        C        D        E       F      G
               +--------+--------+--------+--------+--------+-----+--------+
         Total |   1210 |   1136 |     74 |      0 |   1028 |   2 |  605.0 |
       Dungeon |   1210 |   1136 |     74 |      0 |   1028 |   2 |  605.0 |
               +--------+--------+--------+--------+--------+-----+--------+

Top non-repeatable levels by time:
     D:1: 1025 daAuts
     D:2: 185 daAuts
